[Event "Early-Titled-Tuesday-Blitz-May-14-2024"]
[Site "Chess.com"]
[Date "2024.05.14"]
[Round "7"]
[White "KononenkoD"]
[Black "Byniolus"]
[Result "0-1"]
[WhiteElo "2613"]
[BlackElo "2824"]
[TimeControl "180+1"]
[EndTime "9:21:07 PDT"]
[Termination "Byniolus won by checkmate"]

1. d4 d6 2. c4 e5 3. dxe5 dxe5 4.
Qxd8+ Kxd8 5. g3 Be6 6. Nd2 Na6 7. a3 c6 8. Bh3 Bxh3 9. Nxh3 f6 10. f4 Bd6 11. Ne4 Bc7 12. Be3 Ne7 13. O-O-O+ Ke8 14. fxe5 Bxe5 15. Nf4 Nc7 16. Bc5 b5 17. Nd6+ Bxd6 18. Bxd6 Rc8 19. Bxc7 Rxc7 20. Ne6 Rc8 21. Nxg7+ Kf7 22.
Nh5 bxc4 23. Rd7 a5 24. Rf1 Ke6 25. Ra7 Rhf8 26. Rxa5 Nd5 27. e4 Ne3 28. Rf3 Ng4 29. h3 Ne5 30. Rf5 Rcd8 31. Nf4+ Kd6 32. Rh5 Rf7 33. Raxe5 fxe5 34. Rh6+ Kd7 35. Ne6 Rg8 36. g4 Rg6 37. Nc5+ Kd6 38. Rxg6+ hxg6 39. b4 cxb3 40.
Nxb3 Rf3 41. Kc2 Rxh3 42. a4 Rg3 43. a5 Kc7 44. Nc5 Rxg4 45. Kd3 Rg3+ 46. Ke2 Ra3 47. a6 Kb6 48. Nd7+ Kxa6 49. Nxe5 c5 50. Nxg6 Kb5 51. e5 Kc6 52. Nf4 c4 53. e6 Kd6 54. Kd2 Rf3 55.
e7 Kxe7 56. Nd5+ Kd6 57. Nc3 Ke5 58. Kc2 Kd4 59. Nb5+ Kc5 60. Nc7 Rh3 61. Ne6+ Kb4 62. Nd4 Rh2+ 63. Kc1 c3 64. Nc2+ Kc4 65. Ne3+ Kd3 66.
Nd1 Rh1 67. Kb1 c2+ 68. Ka2 cxd1=Q 69. Kb2 Qa1+ 70. Kb3 Rb1# 0-1

[Event "Early-Titled-Tuesday-Blitz-May-14-2024"]
[Site "Chess.com"]
[Date "2024.05.14"]
[Round "7"]
[White "Hikaru"]
[Black "Polish_fighter3000"]
[Result "1-0"]
[WhiteElo "3222"]
[BlackElo "3108"]
[TimeControl "180+1"]
[EndTime "9:21:08 PDT"]
[Termination "Hikaru won on time"]

1. b3 Nf6 2. Bb2 g6 3. d4 Bg7 4. Nf3 O-O 5. e3 b6 6. Be2 Bb7 7. O-O c5 8. dxc5 bxc5 9. c4 d6 10. Nc3 Ne4 11. Qc1 Nd7 12. Nd1 Nef6 13. Nd2 Qc7 14. Nc3 a6 15. Qc2 Rfd8 16. Rad1 Ne5 17. Rfe1 Rac8 18. Qb1 Bc6 19. e4 e6 20. f4 Ned7 21.
Bf3 h5 22. h3 Bh6 23. Ne2 e5 24. Qa1 Nh7 25. f5 Be3+ 26. Kh1 Ndf6 27. Nc3 Bd4 28.
fxg6 fxg6 29. Nd5 Qg7 30. Qb1 Rf8 31. Rf1 g5 32. Bc1 g4 33. Be2 Bd7 34. Qd3 Rf7 35.
Nb6 Rcf8 36. Nxd7 Nxd7 37. Rxf7 Rxf7 38. Rf1 Rf4 39. g3 Rxf1+ 40. Nxf1 Ndf6 41. Ne3 gxh3 42. Nf5 Qd7 43. Qf3 Ng4 44. Nh6+ Nxh6 45. Bxh6 Qf7 46. Qxf7+ Kxf7 47. Bxh5+ Ke7 48. Kh2 Kf6 49. Kxh3 Ng5+ 50. Kg4 Nxe4 51. Be8 a5 52. Bc6 Nc3 53. a4 e4 54.
Bg5+ Kf7 55. Kf4 e3 56. Kf3 e2 57. Bd2 Kf6 58. g4 Ke5 59. Be1 Kf6 60. Bd7 Ke5 61. Bf5 Kf6 62. Bd3 Na2 63. Bxa5 Nb4 64. Bxb4 cxb4 65.
Bxe2 Ke5 66. Bd3 Bc3 67. g5 Bd4 68. g6 Ke6 69. a5 Kd7 70. a6 Kc7 71. Ke4 Bg7 72.
Kd5 1-0

[Event "Early-Titled-Tuesday-Blitz-May-14-2024"]
[Site "Chess.com"]
[Date "2024.05.14"]
[Round "7"]
[White "carloseduar100"]
[Black "ItsCheckM8Mate"]
[Result "1-0"]
[WhiteElo "2220"]
[BlackElo "2276"]
[TimeControl "180+1"]
[EndTime "9:21:08 PDT"]
[Termination "carloseduar100 won by resignation"]

1. d4 Nf6 2. Bg5 d5 3. e3 e6 4. Nd2 Be7 5. Bd3 c5 6. c3 Nc6 7. f4 Qb6 8. Rb1 h6 9. Bh4 Bd7 10.
Ngf3 cxd4 11. exd4 Qc7 12. Ne5 g5 13. Nxd7 gxh4 14.
Nxf6+ Bxf6 15. O-O Rg8 16. b4 Ne7 17. a4 Qxc3 18. Nf3 Bxd4+ 19. Nxd4 Qxd4+ 20. Kh1 O-O-O 21. b5 Kb8 22. a5 Nf5 23. b6 a6 24.
Qe2 Qg7 25. Rf2 Rc8 26. Bxa6 Qc3 27. Bd3 Nd4 28. Qf1 Rc6 29. a6 bxa6 30. Bxa6 Nc2 31. Bb5 Rxb6 32. Bd3 Nb4 33. Rfb2 Rc8 34. Be2 Rc5 35.
h3 d4 36. Qf2 d3 37. Bf3 d2 38. Qxd2 Qxd2 39. Rxd2 Kc7 40. Rbd1 Nd5 41. Bxd5 Rxd5 42. Rxd5 exd5 43. Rxd5 Rd6 44. Rh5 Rd1+ 45. Kh2 Rd6 46. Rxh4 Kd7 47. Rg4 Ke7 48. Kg3 Kf6 49. Kh4 Rd3 50.
g3 Rd5 51. Rg8 Rd3 52. Rh8 Kg7 53. Ra8 Rb3 54. Kg4 Rc3 55. h4 h5+ 56. Kxh5 Rxg3 57.
Ra5 Rg1 58. Rg5+ Rxg5+ 59. fxg5 Kh7 60. Kg4 Kg6 61. h5+ Kg7 62. Kf5 Kh7 63. Kf6 Kg8 64.
h6 Kh8 65. Kxf7 Kh7 66. Kf6 Kh8 67. Kg6 Kg8 68. Kh5 Kh7 69. g6+ Kg8 70. Kg5 Kf8 71.
Kf6 Kg8 72. Ke7 Kh8 73. g7+ Kg8 74. Kf6 Kh7 75. Kf7 Kxh6 76. g8=Q Kh5 77. Kf6 Kh4 78. Kf5 1-0

[Event "Early-Titled-Tuesday-Blitz-May-14-2024"]
[Site "Chess.com"]
[Date "2024.05.14"]
[Round "7"]
[White "kanzaww"]
[Black "KogotBobra17"]
[Result "1-0"]
[WhiteElo "2516"]
[BlackElo "2666"]
[TimeControl "180+1"]
[EndTime "9:21:09 PDT"]
[Termination "kanzaww won by resignation"]

1. e4 c5 2. Nf3 Nc6 3. Bb5 g5 4. Bxc6 dxc6 5. Nxg5 Nf6 6. d3 Rg8 7. O-O h6 8. Nf3 Bh3 9. Ne1 Nxe4 10. Qf3 Ng5 11.
Bxg5 Be6 12. Bf4 Bd5 13. Qe3 Rg6 14. c4 Be6 15. Nc3 Bg7 16. Qxc5 Bd4 17. Qb4 b6 18. Ne2 Bc5 19. Qc3 Rg8 20. d4 Bd6 21. b3 Bg4 22. f3 Bh3 23. Qe3 Bb4 24. Bg3 Bf5 25. Nd3 Ba3 26.
Rad1 h5 27. Ne5 Qc8 28. Bh4 Qc7 29. Ng3 Be6 30. Nxh5 O-O-O 31. Nf4 Bf5 32. Kh1 Rh8 33. Bg3 Rdg8 34. Nxf7 Rh7 35. Ne5 Rxg3 36. Ne2 Rg8 37. Qf4 e6 38. Ng3 Bc2 39. Rd2 Rf8 40. Qg4 Bf5 41.
Nxf5 Rxf5 42. Qg8+ Kb7 43. Qxe6 Rfh5 44. h3 Bd6 45. f4 R5h6 46. Qg4 Rg7 47. Qf3 Rf6 48. Qe3 c5 49. Qe4+ Ka6 50. Rfd1 cxd4 51. Rxd4 Bc5 52. Rd5 Rh6 53. Nd3 Bd6 54. c5 bxc5 55. Qa4+ Kb7 56.
Qb5+ Kc8 57. Nxc5 Rgh7 58. Ne4 Bxf4 59. Rc5 Rxh3+ 60. gxh3 Rxh3+ 61. Kg2 Rh2+ 62. Kf3 Rh3+ 63. Kf2 Rh2+ 64. Ke1 Rh1+ 65. Ke2 Rh2+ 66. Kd3 Rh3+ 67. Kc2 Rh2+ 68. Kb1 Qxc5 69. Qxc5+ 1-0

[Event "Early-Titled-Tuesday-Blitz-May-14-2024"]
[Site "Chess.com"]
[Date "2024.05.14"]
[Round "7"]
[White "Bilan_Danila"]
[Black "Kotofeyca"]
[Result "1-0"]
[WhiteElo "2654"]
[BlackElo "2504"]
[TimeControl "180+1"]
[EndTime "9:21:09 PDT"]
[Termination "Bilan_Danila won on time"]

1. d4 d5 2. Nf3 c6 3. c4 Nf6 4.
Nc3 dxc4 5. a4 Bg4 6. Ne5 Bh5 7.
Nxc4 e6 8. Qb3 Na6 9. e3 Nb4 10. Na2 Nfd5 11. Nxb4 Nxb4 12. Bd2 a5 13. Bd3 Nxd3+ 14.
Qxd3 Bg6 15. Qb3 Qc7 16. O-O Be7 17. Rfc1 O-O 18. Qb6 Bd8 19. Qxc7 Bxc7 20. Ra3 Be4 21. f3 Bd5 22. e4 Bxc4 23. Rxc4 Rfd8 24. g3 Kf8 25.
Kf2 Ke7 26. Ke3 Rd7 27. b4 axb4 28. Bxb4+ Bd6 29. Bxd6+ Kxd6 30. Rb3 Kc7 31. Rcb4 Ra7 32. f4 f5 33. h3 g6 34. g4 fxe4 35. Kxe4 Rd5 36. h4 h5 37. g5 Rda5 38. Rd3 Kd6 39. Rdb3 Kc7 40. Rd3 Rf5 41. Rdb3 Rd5 42. Rc3 Raa5 43.
Rcb3 b5 44. axb5 Rdxb5 45. Rxb5 Rxb5 46. Ra3 Kd6 47. Ra8 Rb4 48. Rd8+ Ke7 49. Rc8 Rc4 50.
Ke5 Rc1 51. Rc7+ Kd8 52. Rg7 Rh1 53. Rxg6 Rxh4 54. Kd6 Ke8 55. Rf6 Rg4 56. Kxe6 h4 57.
Kf5 Rg3 58. Rxc6 h3 59. Rh6 Rd3 60. Ke4 Ra3 61. Rh7 Kf8 62. g6 Kg8 63. f5 Rg3 64. Ke5 Rg5 65. Kf6 Rg3 66. Rb7 1-0

[Event "Early-Titled-Tuesday-Blitz-May-14-2024"]
[Site "Chess.com"]
[Date "2024.05.14"]
[Round "7"]
[White "NCchamp"]
[Black "Cherepov_Alexej"]
[Result "0-1"]
[WhiteElo "2308"]
[BlackElo "2429"]
[TimeControl "180+1"]
[EndTime "9:21:10 PDT"]
[Termination "Cherepov_Alexej won on time"]

1. d4 d5 2. c4 dxc4 3. e3 Be6 4.
a4 c5 5. Nc3 Nf6 6. Nf3 Nc6 7.
Be2 cxd4 8. exd4 Nd5 9. O-O Nxc3 10. bxc3 Bd5 11. a5 Nxa5 12. Qa4+ Nc6 13. Bxc4 Bxc4 14. Qxc4 e6 15. Re1 Be7 16. Rb1 Qd7 17. Qb5 b6 18.
c4 Rd8 19. Bf4 O-O 20. Rbd1 Na5 21. Qa6 Rc8 22. d5 Qb7 23. Qxb7 Nxb7 24. dxe6 fxe6 25. Rxe6 Rxf4 26. Rxe7 Nc5 27. Rxa7 Rxc4 28. Ne5 Re4 29. Nf3 Rce8 30. h3 h6 31. Rb1 R4e6 32. Nd4 Rd6 33.
Nf5 Rd7 34. Rxd7 Nxd7 35. Rb5 Re5 36. Rxe5 Nxe5 37. Nd6 Nc6 38. Kf1 Kf8 39. Ke2 Ne7 40. Kd3 Nc6 41. Kc4 Ne5+ 42. Kb5 Nd3 43. Ne4 Ne1 44.
Kxb6 Nxg2 45. Kc5 Nf4 46. h4 h5 47. Kd4 Ng2 48. Ng3 g6 49. Ke4 Nxh4 50. Kf4 Kf7 51.
Ne4 Ng2+ 52. Kg3 Ne1 53. Ng5+ Kg7 54. Ne6+ Kf6 55. Nf4 Nc2 56. Nd5+ Ke5 57. Ne7 Kf6 58. Nd5+ Kf5 59. Ne7+ Kg5 60. Nd5 Nd4 61. Ne3 Nf5+ 62. Nxf5 Kxf5 63. Kh4 Kf4 64. Kh3 Kf3 65. Kh4 Kxf2 66.
Kg5 Kg3 0-1

[Event "Early-Titled-Tuesday-Blitz-May-14-2024"]
[Site "Chess.com"]
[Date "2024.05.14"]
[Round "7"]
[White "LileKoridze"]
[Black "simaopdias"]
[Result "1-0"]
[WhiteElo "2410"]
[BlackElo "2265"]
[TimeControl "180+1"]
[EndTime "9:21:10 PDT"]
[Termination "LileKoridze won on time"]

1. d4 Nf6 2. c4 e6 3. Nf3 b6 4.
g3 Bb7 5. Bg2 Bb4+ 6. Bd2 Bxd2+ 7. Qxd2 O-O 8. Nc3 Ne4 9. Nxe4 Bxe4 10. O-O d6 11. Rac1 Nd7 12. Rfd1 Nf6 13. b4 Qc8 14. c5 Qb7 15. Ne1 Bxg2 16. Nxg2 dxc5 17. bxc5 c6 18. cxb6 axb6 19. Rc2 Rfd8 20. Qc1 h6 21. Nf4 c5 22. dxc5 Rxd1+ 23. Qxd1 bxc5 24. Nd3 Nd7 25. f3 Qb6 26. Kg2 Rd8 27. Qc1 Rc8 28. Rc4 Qd6 29. Qc3 Qd5 30.
a4 Qc6 31. a5 Qb5 32. Rg4 g6 33. Nf4 Qb4 34. Qe3 Nf6 35. Rxg6+ fxg6 36. Qxe6+ Kg7 37. Qxc8 Qxa5 38. Qb7+ Kg8 39. Nxg6 Qd8 40. Ne5 Qe8 41. Qc7 c4 42. Qxc4+ Kg7 43. Qc7+ Kg8 44. e4 Nh5 45. Qc4+ Kg7 46. Qd4 Kh7 47. Qd7+ Qxd7 48. Nxd7 Kg6 49. f4 Kf7 50. Kf3 Ke7 51. Ne5 Nf6 52. Ng4 Ng8 53. f5 Kf7 54. Kf4 h5 55. Ne5+ Kf6 56.
Ng6 Nh6 57. e5+ Kg7 58. Kg5 Nf7+ 59. Kf4 Nh6 60. Nh4 Nf7 61. e6 Nd6 62. Kg5 Ne4+ 63. Kxh5 Kf6 64. g4 Ng5 65. e7 1-0

[Event "Early-Titled-Tuesday-Blitz-May-14-2024"]
[Site "Chess.com"]
[Date "2024.05.14"]
[Round "7"]
[White "Resourchess"]
[Black "dinushkipremanath"]
[Result "1-0"]
[WhiteElo "2384"]
[BlackElo "2025"]
[TimeControl "180+1"]
[EndTime "9:21:14 PDT"]
[Termination "Resourchess won by checkmate"]

1. d4 e6 2. c4 d5 3. Nc3 f5 4. cxd5 exd5 5. Bf4 Nf6 6. Nf3 c6 7. e3 Bd6 8. Bxd6 Qxd6 9. Bd3 O-O 10. Qc2 Ne4 11. Ne5 Nd7 12. f4 Nxe5 13. dxe5 Qc5 14. Nd1 Qb4+ 15. Nc3 Qc5 16. Qc1 Be6 17. Bxe4 dxe4 18.
O-O Rad8 19. Rd1 Rd3 20. Rxd3 exd3 21. Qd2 Rd8 22. Rc1 Qa5 23. a3 c5 24. h3 c4 25. Kh2 b5 26. e4 Qb6 27. exf5 Bxf5 28. Re1 a6 29. g4 Bc8 30. f5 a5 31. Ne4 Qd4 32. Nd6 Rxd6 33. exd6 Qxd6+ 34. Kg1 Qg3+ 35. Kf1 Qxh3+ 36. Qg2 Qxg2+ 37. Kxg2 Kf7 38. Kf2 b4 39. axb4 axb4 40. Ke3 Ba6 41. Ra1 Bb5 42. Ra5 Bc6 43.
Rc5 Ba4 44. Rxc4 Bc2 45. Rxb4 Kf6 46. Rd4 Kg5 47. b4 Bd1 48. Kxd3 Bxg4 49. Rxg4+ Kxg4 50. b5 h5 51. b6 h4 52. b7 h3 53. b8=Q Kxf5 54.
Qg3 g5 55. Qxh3+ Kf4 56. Qe3+ Kg4 57. Qg1+ Kf4 58. Ke2 g4 59. Kf2 Kf5 60. Kg2 Kf4 61.
Qd4+ Kf5 62. Kg3 Ke6 63. Qc5 Kf6 64. Qd5 Kg6 65. Qe5 Kf7 66. Qd6 Ke8 67. Qc7 Kf8 68. Kxg4 Ke8 69. Kf5 Kf8 70. Kf6 Ke8 71. Qe7# 1-0

[Event "Early-Titled-Tuesday-Blitz-May-14-2024"]
[Site "Chess.com"]
[Date "2024.05.14"]
[Round "7"]
[White "Knightmare1014"]
[Black "VirtualCoach"]
[Result "0-1"]
[WhiteElo "2279"]
[BlackElo "2191"]
[TimeControl "180+1"]
[EndTime "9:21:14 PDT"]
[Termination "VirtualCoach won on time"]

1. e4 c5 2. Nf3 d6 3. Bb5+ Bd7 4. Bxd7+ Qxd7 5. c4 Nc6 6. Nc3 g6 7. d4 cxd4 8. Nxd4 Bg7 9. Be3 Nf6 10. f3 Rc8 11. Nde2 O-O 12. O-O Na5 13. b3 Nc6 14. Qc2 Ne8 15. Qd2 Nc7 16. c5 Rcd8 17. Rad1 Qe6 18. Nd5 Qd7 19. Nxc7 Qxc7 20. Bf4 Ne5 21. cxd6 Rxd6 22.
Qe3 Rfd8 23. Rxd6 Qxd6 24. Nc3 Qd4 25. Qxd4 Rxd4 26. Nd5 e6 27. Rc1 Nc6 28. Ne3 h6 29. Nc4 g5 30. Be3 Rd3 31. Kf2 a6 32. Ke2 Rd8 33. Rd1 Rc8 34. Nb6 Rc7 35. Rd7 Rxd7 36. Nxd7 Nb4 37. a3 Nc2 38. Nc5 b5 39. Nxa6 Nxa3 40.
b4 Nc2 41. Bc5 Bc3 42. Nc7 Bxb4 43. Bxb4 Nxb4 44. Nxb5 Nc6 45. Ke3 Kg7 46. Nc3 Kf6 47. g3 Ne5 48. f4 Ng4+ 49. Kf3 Nxh2+ 50. Kg2 Ng4 51. Kf3 h5 52. e5+ Kf5 53. Ne4 gxf4 54.
gxf4 f6 55. Ng3+ Kg6 56. exf6 Nxf6 57. Ke3 h4 58. Nh1 Kf5 59. Kf3 Ng4 0-1

[Event "Early-Titled-Tuesday-Blitz-May-14-2024"]
[Site "Chess.com"]
[Date "2024.05.14"]
[Round "7"]
[White "DenLaz"]
[Black "rpragchess"]
[Result "0-1"]
[WhiteElo "3119"]
[BlackElo "3115"]
[TimeControl "180+1"]
[EndTime "9:21:15 PDT"]
[Termination "rpragchess won by resignation"]

1. d4 Nf6 2. c4 Nc6 3. Nf3 e6 4. Nc3 Bb4 5. Qc2 d6 6. Bd2 O-O 7. a3 Bxc3 8. Bxc3 Qe7 9. e4 e5 10. d5 Nb8 11. Be2 a5 12. O-O a4 13. c5 Bg4 14. cxd6 cxd6 15. Ne1 Bxe2 16. Qxe2 Nbd7 17. Nd3 b6 18. Nb4 Nc5 19. Nc6 Qb7 20. f3 Kh8 21. Kh1 Ng8 22. f4 f6 23. Qf3 Rfe8 24. Bb4 exf4 25.
Bxc5 bxc5 26. Qxf4 Qd7 27. Rac1 Ne7 28. Nxe7 Rxe7 29. Rc4 h6 30. h3 Re5 31. Qf2 Rb8 32. Qc2 Rb3 33. Rc3 Qb5 34. Rf2 Rxc3 35. bxc3 Qb3 36.
Qd2 Kh7 37. Qc1 Rxe4 38. Rd2 Re5 39. c4 Re4 40. Rc2 Qd3 41. Kh2 h5 42. Qb1 h4 43.
Rb2 Qxb1 44. Rxb1 Rxc4 45. Rb6 Rc3 46. Rxd6 Rxa3 47. Ra6 Ra1 48. d6 a3 49. Ra5 Rd1 50.
Rxa3 Rxd6 51. Ra4 g5 52. Rc4 Rd5 53. Kg1 Kg6 54. Kf2 Re5 55. Kf3 Kf5 56. Ra4 Rd5 57.
Ra6 Rd3+ 58. Ke2 Rg3 59. Kf2 c4 60. Ra5+ Ke4 61. Ra6 f5 62. Re6+ Kd3 63. Rd6+ Kc2 64. Rd5 f4 65. Rd4 c3 66. Rd8 Kc1 67. Rc8 c2 68.
Rd8 Kb2 0-1

[Event "Early-Titled-Tuesday-Blitz-May-14-2024"]
[Site "Chess.com"]
[Date "2024.05.14"]
[Round "7"]
[White "toninhojit"]
[Black "Flameboard08"]
[Result "1/2-1/2"]
[WhiteElo "2567"]
[BlackElo "2709"]
[TimeControl "180+1"]
[EndTime "9:21:15 PDT"]
[Termination "Game drawn - insufficient material"]

1. d4 Nf6 2. c4 b5 3. cxb5 a6 4. f3 axb5 5. e4 c6 6. Bd3 e6 7.
Ne2 d5 8. e5 Nfd7 9. O-O Qb6 10. Kh1 Na6 11. f4 g6 12. Nd2 Nb4 13. Bb1 c5 14.
Nf3 Bb7 15. Be3 Nc6 16. Qd2 c4 17. Kg1 Na5 18. Bc2 b4 19. g4 h5 20. h3 hxg4 21.
hxg4 Be7 22. Kg2 Ba6 23. Rh1 O-O-O 24. f5 gxf5 25. gxf5 c3 26. bxc3 Nc4 27. Qc1 Rdg8+ 28. Kf2 Rxh1 29. Qxh1 bxc3 30. Rb1 Qa5 31. Qh7 Rg2+ 32.
Kxg2 Nxe3+ 33. Kf2 Qxa2 34. f6 Bxf6 35. exf6 Nxc2 36.
Rc1 Nb4 37. Rxc3+ Kb7 38. Ng1 Nd3+ 39. Ke3 Qa4 40. Rxd3 Bxd3 41. Qxd3 Kc7 42. Nf3 Nxf6 43. Ne5 Ne4 44. Nc3 Qa1 45. Nxe4 Qe1+ 46. Qe2 Qg1+ 47.
Nf2 Qg5+ 48. Kd3 Qf5+ 49. Kd2 f6 50. Nf3 e5 51. dxe5 fxe5 52. Nxe5 Qf4+ 53. Kd1 Qa4+ 54. Ke1 Qb4+ 55. Kf1 Qb1+ 56. Nd1 Qf5+ 57. Nf3 Qe4 58. Qf2 Qd3+ 59. Ke1 Qe4+ 60. Kd2 Qb4+ 61. Nc3 Qb2+ 62. Ke1 Qxc3+ 63. Nd2 Qe5+ 64. Kd1 Qa1+ 65. Ke2 Qa6+ 66.
Kd1 Qe6 67. Qe2 Qxe2+ 68. Kxe2 Kd6 69. Kd3 d4 70. Kxd4 1/2-1/2

[Event "Early-Titled-Tuesday-Blitz-May-14-2024"]
[Site "Chess.com"]
[Date "2024.05.14"]
[Round "7"]
[White "Eloist"]
[Black "MiguelBestard1981"]
[Result "1/2-1/2"]
[WhiteElo "2439"]
[BlackElo "2326"]
[TimeControl "180+1"]
[EndTime "9:21:15 PDT"]
[Termination "Game drawn by stalemate"]

1. e4 e5 2. Bc4 Nf6 3. d3 c6 4. Nf3 d5 5. Bb3 a5 6. a4 Bb4+ 7. c3 Bd6 8. exd5 cxd5 9. Bg5 Be6 10.
O-O O-O 11. Re1 Nbd7 12. Na3 Ra6 13. Nb5 Bb8 14. h3 Re8 15. Bh4 h6 16. Qd2 Rb6 17. Rad1 Nc5 18. Bc2 Bd7 19. Bg3 Rbe6 20. d4 exd4 21.
Bxb8 Rxe1+ 22. Rxe1 Rxe1+ 23. Qxe1 Qxb8 24. Nfxd4 Qe8 25. Qxe8+ Bxe8 26. b4 axb4 27. cxb4 Na6 28. Nd6 Nxb4 29. a5 Bc6 30. Bb3 Ne4 31. f3 Nc5 32. Bd1 Kf8 33. Kf2 g6 34. Ke3 Ke7 35. Nc8+ Kd8 36. Nd6 Ke7 37. Nc8+ Kd7 38. Nb6+ Kc7 39. Kf4 Nbd3+ 40.
Ke3 Ne5 41. Be2 Ne6 42. f4 Nd7 43. Bd3 Nxd4 44. Nxd7 Kxd7 45. Kxd4 Kd6 46. g4 g5 47. fxg5 hxg5 48. Bf5 f6 49. Bd3 Bd7 50. Bc2 Kc6 51. Bd3 Kd6 52. Bc2 Bc6 53. Bd3 Ba4 54. Bb1 Bb5 55. Bf5 Bf1 56. Bc8 Bxh3 57. Bxb7 Bf1 58.
a6 Bxa6 59. Bxa6 Ke6 60. Bc8+ Kd6 61. Bf5 Kc6 62. Bg6 Kd6 63. Bf7 Kc6 64. Bxd5+ Kd6 65. Be4 Ke6 66. Bf5+ Kf7 67. Kd5 Ke7 68. Kc6 Kf7 69.
Kd6 Kg7 70. Ke6 Kh6 71. Kxf6 1/2-1/2

[Event "Early-Titled-Tuesday-Blitz-May-14-2024"]
[Site "Chess.com"]
[Date "2024.05.14"]
[Round "7"]
[White "FaustinoOro"]
[Black "The_Machine04"]
[Result "1-0"]
[WhiteElo "2946"]
[BlackElo "2676"]
[TimeControl "180+1"]
[EndTime "9:21:17 PDT"]
[Termination "FaustinoOro won on time"]

1. Nf3 Nf6 2. d4 d6 3. b3 g6 4.
Bb2 Bg7 5. g3 O-O 6. Bg2 Nbd7 7.
O-O Re8 8. c4 c6 9. Nc3 e5 10.
e4 a6 11. a4 a5 12. Qc2 Qc7 13. h3 Nb8 14. Rad1 Na6 15. Rfe1 Nb4 16. Qb1 Be6 17. Bc1 Rad8 18. Be3 Bc8 19. Rd2 Nd7 20. d5 Na6 21.
Red1 Ndc5 22. Nh4 h6 23. Re1 Kh7 24. Rdd1 Qb6 25. Qc1 Qxb3 26. Kh2 Qxc4 27. Bf1 Qb4 28. Qc2 Qb6 29. f4 exf4 30. gxf4 Qb3 31. Qxb3 Nxb3 32.
Ne2 Rxe4 33. Ng3 Rxa4 34. Nf3 Ra2+ 35. Kh1 c5 36. f5 a4 37. Bd3 Nb4 38. Be4 Re8 39.
fxg6+ fxg6 40. Bf4 Rf2 41. Bxd6 Rxe4 42. Nxe4 Rxf3 43.
Kg2 Rf7 44. Bg3 Bf5 45. d6 Bxe4+ 46. Rxe4 a3 47. d7 Nc6 48. Re6 Nbd4 49. Rd6 a2 50.
Bf2 Rxf2+ 51. Kxf2 Bf8 52. d8=Q Nxd8 53. Rxd8 Bg7 54.
Rd7 Nf5 55. Rxb7 Kg8 56. Ra7 Bd4+ 57. Kf3 a1=Q 58. Raxa1 Bxa1 59. Rxa1 Kf7 60. Kf4 Ne7 61. Ke5 Nc6+ 62. Kd5 Ne7+ 63. Kxc5 Kf6 64. Kd4 Kg5 65. Ke5 Kh4 66. Ra3 g5 67. Kf6 Nd5+ 68. Kg6 h5 69. Kf5 Nf4 70. Ra4 Kxh3 71. Kxg5 Kg3 72. Rxf4 h4 73. Rxh4 1-0

[Event "Early-Titled-Tuesday-Blitz-May-14-2024"]
[Site "Chess.com"]
[Date "2024.05.14"]
[Round "7"]
[White "vaishali2001"]
[Black "dropstoneDP"]
[Result "1/2-1/2"]
[WhiteElo "2696"]
[BlackElo "2969"]
[TimeControl "180+1"]
[EndTime "9:21:18 PDT"]
[Termination "Game drawn by repetition"]

1. e4 e5 2. Nf3 Nf6 3. Nc3 Nc6 4.
h3 Bb4 5. Nd5 Nxd5 6. exd5 e4 7.
dxc6 exf3 8. Qxf3 dxc6 9. Bc4 O-O 10. O-O Qg5 11. d4 Qf5 12. Qe2 Bd7 13. Bd3 Qf6 14.
Qe4 g6 15. Qf4 Qxf4 16. Bxf4 Bd6 17. Bxd6 cxd6 18. Rfe1 Rfe8 19. f4 h5 20. Kf2 Kg7 21. Kf3 h4 22. a3 Kf6 23. Re3 c5 24. d5 Rxe3+ 25. Kxe3 Re8+ 26. Kf3 b5 27. b4 c4 28.
Be4 g5 29. c3 g4+ 30. hxg4 Bxg4+ 31. Kxg4 Rxe4 32. Rh1 Re2 33. Kf3 Rc2 34. Rxh4 Rxc3+ 35. Ke4 Rg3 36. Rh8 Rxg2 37. Rd8 Re2+ 38. Kd4 Rd2+ 39.
Ke4 Ke7 40. Ra8 c3 41. Rxa7+ Kd8 42. Ra6 Kd7 43. Rc6 c2 44. Rc3 f5+ 45. Kxf5 Rxd5+ 46. Ke4 Rd2 47. Ke3 Rh2 48. Kd3 Rf2 49. Rxc2 Rxf4 50. Rc3 Ke6 51. Kc2 Kd5 52. Kb3 Rf1 53. a4 Rb1+ 54. Kc2 Rxb4 55. axb5 Rxb5 56. Rh3 Kc4 57.
Rh4+ Kc5 58. Rh5+ d5 59. Rh4 Ra5 60. Rg4 Ra2+ 61. Kc3 Ra3+ 62. Kc2 Rf3 63. Kd2 Rh3 64. Rf4 d4 65. Rf8 Rh2+ 66. Kd3 Rh3+ 67. Kd2 Rh2+ 68. Kd3 Rh3+ 69. Kd2 1/2-1/2

[Event "Early-Titled-Tuesday-Blitz-May-14-2024"]
[Site "Chess.com"]
[Date "2024.05.14"]
[Round "7"]
[White "rasmussvane"]
[Black "Legendinunknown"]
[Result "1-0"]
[WhiteElo "2964"]
[BlackElo "2828"]
[TimeControl "180+1"]
[EndTime "9:21:28 PDT"]
[Termination "rasmussvane won by checkmate"]

1. Nf3 Nf6 2. g3 g6 3. Bg2 Bg7 4. d4 O-O 5. O-O d6 6. Re1 d5 7. c4 c6 8. Qb3 Na6 9. Nc3 Qb6 10. Na4 Qxb3 11. axb3 Bf5 12. Bd2 Ne4 13. e3 Nxd2 14. Nxd2 Nb4 15. Red1 Rfd8 16. Nc5 b6 17. Na6 Nxa6 18. Rxa6 e5 19. cxd5 cxd5 20. dxe5 Bxe5 21. Nf3 Bxb2 22. Nd4 Bc8 23. Ra2 Bxd4 24. Rxd4 Bb7 25. Rad2 Rac8 26. Bxd5 Rc1+ 27. Kg2 Rxd5 28. Rxd5 Rc3 29.
b4 Rc4 30. b5 Kf8 31. Kf1 Bxd5 32. Rxd5 Ke7 33. Ke2 Rc2+ 34. Kf3 Ke6 35. Rd4 Rc5 36. Ra4 Rc7 37. Rd4 Ke5 38. g4 h6 39. h4 f6 40. Kg3 g5 41. h5 Rc5 42. Rd7 Rxb5 43. Rxa7 f5 44. Rh7 f4+ 45. Kf3 fxe3 46. fxe3 Kf6 47. Rxh6+ Kg7 48. Rg6+ Kf7 49. Ke4 Rb4+ 50.
Kf3 Rb5 51. Rc6 Kg7 52. Rd6 Kh7 53. Re6 Kg7 54. Ke4 Kf7 55. Re5 Rb1 56. Kf5 b5 57.
Kxg5 b4 58. Rb5 b3 59. Rb6 b2 60. e4 Ke7 61. h6 Kf7 62. e5 Ke7 63. h7 Rh1 64.
Rxb2 Ke6 65. Rb7 Kxe5 66. Kg6 Kd6 67. g5 Kc6 68. Rb8 Kc7 69. h8=Q Rxh8 70. Rxh8 Kd7 71. Kf6 Kd6 72. g6 Kc7 73. g7 Kd7 74. g8=Q Kd6 75. Qe6+ Kc7 76. Rc8+ Kb7 77. Qc6+ Ka7 78. Ra8# 1-0

[Event "Early-Titled-Tuesday-Blitz-May-14-2024"]
[Site "Chess.com"]
[Date "2024.05.14"]
[Round "7"]
[White "Gryffindorac8"]
[Black "DumbKing75"]
[Result "0-1"]
[WhiteElo "2502"]
[BlackElo "2651"]
[TimeControl "180+1"]
[EndTime "9:21:30 PDT"]
[Termination "DumbKing75 won by resignation"]

1. d4 Nf6 2. c4 g6 3. Nc3 Bg7 4.
e4 d6 5. Nf3 O-O 6. h3 e5 7. d5 a5 8. Be3 Na6 9. g4 Nd7 10. a3 Nac5 11. Nd2 a4 12. h4 Nb6 13. h5 Bf6 14. hxg6 fxg6 15. Qc2 Bg5 16. Bxc5 dxc5 17.
Be2 Bd7 18. Rh2 Bf4 19. Rg2 Nc8 20. O-O-O Nd6 21. Kb1 Qe7 22. Nf3 Rf7 23. Rh1 Raf8 24. Ne1 Bg5 25. f3 Qe8 26. Nd3 Be3 27. Nd1 Bd4 28.
Rgh2 Qa8 29. Qd2 Rg7 30. Qc2 Qa6 31. Ne1 Qa5 32. Qc1 b5 33. Nc2 bxc4 34. Nxd4 cxd4 35.
Bxc4 Rxf3 36. Rc2 d3 37. Rc3 d2 38. Qc2 Bxg4 39. Be2 Rxc3 40. Nxc3 Bxe2 41. Nxe2 Rf7 42. Rd1 Rf2 43. Nc3 Nc4 44. Qd3 Nd6 45. Qh3 Qb6 46.
Qe6+ Kg7 47. Qe7+ Nf7 48. d6 Qxd6 49. Qe8 Qd3+ 50. Ka1 Rf1 51. Qxa4 Rxd1+ 52. Qxd1 Qe3 53. Ka2 Qe1 54. Qc2 Nd6 55. Nd1 Qxe4 56. Qxc7+ Nf7 57. Qc3 Qd5+ 58. Kb1 Qd4 59. Qc2 e4 60. Qc3 Qxc3 61. bxc3 Nd6 62. Kc2 Nc4 63. a4 e3 64.
Kd3 Kf6 65. a5 Nxa5 66. Kxe3 Nb3 67. c4 h5 68. c5 h4 69. c6 Ke6 70. Kd3 h3 71. Kc2 h2 72. Nf2 Kd6 73. Kd1 Kxc6 74. Nh1 g5 0-1

[Event "Early-Titled-Tuesday-Blitz-May-14-2024"]
[Site "Chess.com"]
[Date "2024.05.14"]
[Round "7"]
[White "cthulhuuu"]
[Black "Hope_6"]
[Result "0-1"]
[WhiteElo "2449"]
[BlackElo "2644"]
[TimeControl "180+1"]
[EndTime "9:21:36 PDT"]
[Termination "Hope_6 won on time"]

1. e4 c5 2. Nf3 Nf6 3. d3 d5 4. exd5 Nxd5 5. g3 Nc6 6. Bg2 g6 7.
O-O Bg7 8. Nbd2 O-O 9. Nc4 h6 10.
a4 e5 11. Re1 Re8 12. c3 Bf5 13. Qb3 Nb6 14. a5 Nxc4 15. dxc4 Nxa5 16. Qb5 b6 17. Nh4 Bd7 18. Qa6 Bc6 19. Bxc6 Nxc6 20. Be3 Qc8 21.
Red1 Re7 22. Rd6 e4 23. Bxc5 Ne5 24. Qxc8+ Rxc8 25. Bd4 Nxc4 26. Rd5 Bxd4 27. cxd4 Nxb2 28. Ng2 Nd3 29. Ne3 Kg7 30. Rd6 Rcc7 31. Nd5 Red7 32. Nxc7 Rxd6 33. Rxa7 Kf8 34. Ra8+ Ke7 35. Ra7 Kd8 36.
Nb5 Rd7 37. Ra6 Ne1 38. Rxb6 Nf3+ 39. Kg2 Nxd4 40. Rb8+ Ke7 41. Nc3 f5 42. Rb6 Kf7 43. h3 h5 44. h4 Nf3 45. Ne2 Rd1 46. Rb7+ Kf6 47. Rb6+ Kf7 48. Rb7+ Kf6 49. Rb6+ Kg7 50. Rb7+ Kh6 51. Rc7 Re1 52. Rc2 Kg7 53. Rc7+ Kf6 54. Rc6+ Ke5 55. Rc5+ Kd6 56. Rc2 Kd7 57. Ra2 Kc6 58.
Rc2+ Kb6 59. Rb2+ Kc5 60. Rc2+ Kb4 61. Rb2+ Kc4 62. Ra2 Kb3 63. Rd2 Nxd2 64. Nd4+ Kb2 65. f4 exf3+ 66. Kf2 Re4 67. Nc6 Re2+ 68. Kg1 f2+ 0-1